 Dungeon Crawl Stone Soup version 0.26.0-3-g156281e41b (webtiles) character file.

Game seed: 6042254582580360812

1596 runemasterragnar the Conjurer (level 8, -3/45 HPs)
             Began as a Deep Elf Conjurer on Jan 9, 2021.
             Was a Believer of Vehumet.
             Shot with an arrow by a centaur (10 damage)
             ... on level 5 of the Dungeon.
             The game lasted 00:12:19 (7618 turns).

runemasterragnar the Conjurer (Deep Elf Conjurer)   Turns: 7618, Time: 00:12:20

Health: -3/45      AC:  2    Str:  6    XL:     8   Next: 62%
Magic:  18/18      EV: 14    Int: 24    God:    Vehumet [**....]
Gold:   204        SH:  4    Dex: 13    Spells: 3/18 levels left

rFire    + + .     SeeInvis .   g - staff of fire
rCold    + . .     Faith    .   m - +0 buckler
rNeg     . . .     Spirit   .   a - +0 robe
rPois    .         Reflect  .   (no helmet)
rElec    .         Harm     .   (no cloak)
rCorr    .         Rampage  .   (no gloves)
Will     .....                  (no boots)
Stlth    +++.......             (no amulet)
HPRegen  0.15/turn              e - ring of protection from cold
MPRegen  0.16/turn              f - ring of protection from fire

@: no status effects
A: no striking features
a: Renounce Religion


You were on level 5 of the Dungeon.
You worshipped Vehumet.
Vehumet was pleased with you.
You visited 2 branches of the dungeon, and saw 6 of its levels.
You also visited: Ossuary.

You collected 204 gold pieces.

Inventory:

Hand Weapons
 c - a +1 dagger
Armour
 a - a +0 robe (worn)
 m - a +0 buckler (worn)
Magical Staves
 g - an uncursed staff of fire (weapon)
Jewellery
 e - a ring of protection from cold (left hand)
 f - a ring of protection from fire (right hand)
Scrolls
 h - a scroll of acquirement {unknown}
 j - a scroll of fear
 p - 2 scrolls of remove curse
 q - a scroll of immolation {unknown}
 r - a scroll of enchant weapon
Potions
 b - 2 potions of berserk rage {unknown}
 d - 4 potions of curing
 i - 2 potions of attraction
 k - 2 potions of mutation {unknown}
 l - a potion of brilliance {unknown}
 o - 2 potions of magic {unknown}
 s - 2 potions of degeneration
 t - 2 potions of invisibility {unknown}


   Skills:
 + Level 2.9 Fighting
 + Level 5.0 Dodging
 + Level 5.6 Stealth
 + Level 2.6 Shields
 + Level 5.9 Spellcasting
 - Level 7.2 Conjurations
 * Level 2.3 Hexes
 + Level 3.9 Translocations


You had 3 spell levels left.
You knew the following spells:

 Your Spells              Type           Power        Failure   Level
a - Magic Dart            Conj           100%         1%          1
b - Searing Ray           Conj           82%          1%          2
c - Iskenderun's Mystic   Conj/Tloc      34%          10%         4
d - Freeze                Ice            28%          10%         1
e - Fulminant Prism       Conj/Hex       15%          13%         4
f - Dazzling Flash        Conj/Hex       60%          4%          3

Your spell library contained the following spells:

 Spells                   Type           Power        Failure   Level
 Sandblast                Erth           14%          10%         1


Dungeon Overview and Level Annotations

Branches:
Dungeon (5/15)             Temple (1/1) D:4         Ossuary (visited)

Altars:
Cheibriados
Dithmenos
Elyvilon
Fedhas
Gozag
Hepliaklqana
Kikubaaqudgha
Makhleb
Nemelex Xobeh
Okawaru
Qazlal
Ru
Sif Muna
Trog
Uskayaw
Vehumet
Wu Jian
Xom
Yredelemnul
Zin
The Shining One

Annotations:
D:5 1 runed translucent door, Crazy Yiuf


Message History

A centaur is nearby!
A centaur is nearby!
A centaur is nearby!
The centaur shouts!
The centaur wields a +2 shortbow of freezing.
It is covered in frost.
The centaur shoots an arrow.
The arrow hits you! The arrow freezes you.
You see here an arrow.
The centaur shoots an arrow.
The arrow hits you! The arrow freezes you.
You see here an arrow.
Casting: Searing Ray (safe; 1% risk of failure)
Confirm with . or Enter, or press ? or * to list all spells.
Okay, then.
You aren't carrying any items that you can evoke.
The centaur shoots an arrow.
The arrow hits you!
* * * LOW HITPOINT WARNING * * *
The arrow freezes you.
* * * LOW HITPOINT WARNING * * *
The centaur shoots an arrow.
The arrow hits you!
You die...

#.......# ###.# #
#.####..# #.#.#
###.#.## #.#'####.
..###.# #.......
#.#.#.## ##.....## #
#.#...# ##.......#.. .
.#.....###..........#
..
#.........'...........
..
##.....####.((@...c..#
.o #.#..##
##.......#.# .. #...#
##.....## .# ###.
##...## .# #. ##+##


You could see a centaur.

Vanquished Creatures
  2 ice beasts (D:5)
  A sky beast (D:5)
  A phantom (D:4)
  2 centaurs (D:5)
  An ogre (D:4)
  2 elf zombies (Ossuary)
  2 howler monkeys (D:5)
  5 centaur zombies (Ossuary)
  5 human zombies (Ossuary)
  2 orc priests (D:4)
  A hound (D:4)
  An iguana (D:4)
  An orc wizard (D:5)
  4 worker ants
  3 mummies (Ossuary)
  A worker ant zombie (D:5)
  4 adders
  2 river rats (D:3)
  A white imp (D:5)
  An ufetubus (D:5)
  An ooze (D:2)
  3 worms
  3 dart slugs
  4 leopard geckos
  18 orcs
  2 giant cockroaches
  5 goblins
  4 hobgoblins
  4 jackals (D:4)
  9 kobolds
  2 quokkas
  4 ball pythons
  6 bats
  2 frilled lizards
  15 rats
124 creatures vanquished.

Vanquished Creatures (others)
  A quokka (D:5)
1 creature vanquished.

Grand Total: 125 creatures vanquished

Notes
Turn   | Place    | Note
-------+----------+-------------------------------------------
     0 | D:1      | runemasterragnar the Deep Elf Conjurer began the quest for
                  | the Orb.
     0 | D:1      | Reached XP level 1. HP: 10/10 MP: 6/6
   369 | D:1      | Reached XP level 2. HP: 6/15 MP: 2/8
   843 | D:1      | Learned a level 2 spell: Searing Ray
  1372 | D:2      | Reached XP level 3. HP: 20/20 MP: 6/9
  2100 | D:2      | Reached skill level 5 in Conjurations
  2717 | D:3      | Reached XP level 4. HP: 24/24 MP: 7/11
  2737 | D:3      | Reached skill level 1 in Fighting
  3098 | D:3      | Found a glowing golden altar of the Shining One.
  3144 | D:3      | Found a basalt altar of Yredelemnul.
  3147 | D:3      | Found a burning altar of Makhleb.
  3150 | D:3      | Found a bloodstained altar of Trog.
  3725 | D:4      | Found a staircase to the Ecumenical Temple.
  3733 | D:4      | Reached XP level 5. HP: 29/29 MP: 7/12
  3735 | D:4      | Noticed a phantom
  3737 | Temple   | Entered the Ecumenical Temple
  3823 | Temple   | Became a worshipper of Vehumet
  3871 | D:4      | Killed a phantom
  3872 | D:4      | Reached skill level 1 in Shields
  4186 | D:4      | Noticed an ogre
  4189 | D:4      | Killed an ogre
  4190 | D:4      | Reached XP level 6. HP: 34/34 MP: 9/14
  4295 | D:4      | Reached skill level 6 in Conjurations
  4745 | D:4      | Learned a level 4 spell: Iskenderun's Mystic Blast
  5629 | D:4      | Reached skill level 1 in Translocations
  6024 | D:5      | Entered Level 5 of the Dungeon
  6049 | D:5      | Found a runed translucent door.
  6050 | D:5      | Noticed Crazy Yiuf
  6097 | D:5      | Reached XP level 7. HP: 40/40 MP: 12/16
  6143 | D:5      | Reached skill level 5 in Spellcasting
  6462 | D:5      | Reached * piety under Vehumet
  6462 | D:5      | Offered knowledge of Freeze by Vehumet.
  6465 | D:5      | Learned a level 1 spell: Freeze
  6571 | D:5      | Found a white marble altar of Elyvilon.
  6628 | D:5      | Reached skill level 5 in Stealth
  6628 | D:5      | Reached XP level 8. HP: 35/45 MP: 5/18
  6637 | D:5      | Found a sand-covered staircase.
  6642 | Ossuary  | Entered an ossuary
  6727 | Ossuary  | Reached skill level 7 in Conjurations
  6935 | Ossuary  | Learned a level 4 spell: Fulminant Prism
  6939 | Ossuary  | Learned a level 3 spell: Dazzling Flash
  7067 | Ossuary  | Reached skill level 1 in Hexes
  7473 | D:5      | Reached ** piety under Vehumet
  7473 | D:5      | Offered knowledge of Sandblast by Vehumet.
  7474 | D:5      | Reached skill level 5 in Dodging
  7618 | D:5      | Shot with an arrow by a centaur

Illustrated notes

Levels and vault maps discovered:
D:1:      wander_arrival_estate, layout_loops_ring
D:2:      layout_loops_ring, serial_aquarium, aquarium_bridge_island_small
          [aquarium_subvault_small_water, aquarium_subvault_bridge,
          aquarium_subvault_wall, aquarium_subvault_bridge,
          aquarium_subvault_wall], aquarium_bridge_square
          [aquarium_subvault_bridge, aquarium_subvault_bridge,
          aquarium_subvault_bridge, aquarium_subvault_wall],
          aquarium_window_corner, aquarium_window_corridor_2, aquarium_window_1,
          aquarium_window_fake, aquarium_view_2c, aquarium_balcony_double_1,
          aquarium_pool_four, wad_orctagon
D:3:      layout_rooms, grunt_temple_overflow_cloverleaf, portal_sewer_entry_b
D:4:      layout_layer_cave, minmay_temple_entry_mini_moons,
          minmay_misc_feat_tower, wad_floor_pattern_untrapped
D:5:      layout_loops_corners, elyvilon_altar_4, enter_ossuary_5,
          bh_walls_and_bars, uniq_crazy_yiuf_cottage, uniq_menkaure
Temple:   compressed_dpeg_circular_temple

Skill      XL: |  1  2  3  4  5  6  7  8 |
---------------+-------------------------+-----
Stealth        | 3 4 5 |  5.6
Conjurations   | 5 6 7 |  7.2
Fighting       | 1 2 |  2.9
Dodging        | 3 4 5 |  5.0
Shields        | 1 2 |  2.6
Spellcasting   | 4 5 |  5.9
Translocations | 1 2 3 |  3.9
Hexes          | 2 |  2.3

Action                   |  1- 3 |  4- 6 |  7- 9 || total
-------------------------+-------+-------+-------++-------
Melee: Dagger            |     2 |     7 |    17 ||    26
       Staff             |       |     5 |    18 ||    23
 Cast: Magic Dart        |    75 |    98 |    38 ||   211
       Searing Ray       |     6 |     7 |    24 ||    37
  Use: Scroll            |       |     9 |     2 ||    11
 Stab: Sleeping          |     1 |       |     1 ||     2
Armor: Robe              |     4 |     7 |     8 ||    19
Dodge: Dodged            |    16 |    30 |    47 ||    93
Block: Buckler           |     5 |     4 |    15 ||    24
